AoeStats
← KitKat

Arabia

507267976Analyzed
4v4 RM · 16d ago on Sep 17, 2026· 27m 10s· 8 players
Game mode
Random Map
Map size
Large (8 player)
Population
200
Speed
Normal
Resources
Standard
Victory
Conquest
Starting age
Dark Age
Ending age
Imperial Age
RankedLock teamsTeams togetherTeam positionsShared explorationLock speedFull tech treeHidden civsTurbo modeCheats
Victory
Defeat
🇭🇰 Magyars · Hong Kong SAR China
1369
+13
🇨🇳 Vietnamese · China
1349
+14
🇩🇪 Maya · Germany
1333
+15
🇺🇸 Huns · United States
1288
+17
🇻🇳 Italians · Vietnam
1336
-16
🇨🇳 Magyars · China
1327
-16
🇨🇳 Vietnamese · China
1299
-14
🇻🇳 Wei · Vietnam
1264
-13
XHK
8:00 Loom
Phu Thuy
5:53 Loom
8:51 Feudal Age
9:36 Double-Bit Axe
15:11 Wheelbarrow
20:24 Forging
29:13 Castle Age
Spartacus
6:28 Loom
6:34 Loom
9:11 Feudal Age
10:33 Double-Bit Axe
13:18 Fletching
13:39 Horse Collar
16:38 Padded Archer Armor
21:39 Castle Age
20:08 Gold Mining
21:34 Padded Archer Armor
21:42 Crossbowman
22:28 Thumb Ring
22:26 Bodkin Arrow
23:28 Leather Archer Armor
26:53 Ballistics
菜菜
KitKat
0:29 Loom
9:48 Feudal Age
10:54 Double-Bit Axe
12:48 Fletching
14:56 Horse Collar
21:05 Castle Age
20:10 Padded Archer Armor
20:22 Gold Mining
21:15 Crossbowman
21:59 Bodkin Arrow
27:30 Wheelbarrow
27:13 Bow Saw
27:17 Heavy Plow
418436883
3:11 Loom
Romwar
1:54 Loom
10:22 Feudal Age
16:44 Castle Age
16:27 Scale Barding Armor
19:26 Double-Bit Axe
23:20 Town Watch
26:13 Horse Collar
crazy ant
6:30 Loom
9:04 Feudal Age
10:00 Double-Bit Axe
13:18 Horse Collar
20:57 Castle Age
18:53 Gold Mining
20:30 Scale Barding Armor
20:37 Bloodlines
21:04 Light Cavalry
26:04 Chain Barding Armor
Connection lost

Rejoining the realm…

Still unreachable

The connection could not be restored.

Session expired

The server has moved on; the page needs a fresh start.